[Event "ESCC-50 2022"]
[Site "Lublin"]
[Date "2022.07.05"]
[Round "1.10"]
[White "Sielicki, Tomasz"]
[Black "Babijczuk, Wojciech"]
[Result "1-0"]
[ECO "A80"]
[WhiteElo "1967"]
[BlackElo "1436"]
[Annotator "TA"]
[PlyCount "59"]
[EventDate "2022.07.05"]
[EventType "swiss"]
[EventCountry "POL"]
[SourceTitle "playchess.com"]
[Source "ChessBase"]
[SourceQuality "1"]
[TimeControl "40/5400+30:1800+30"]

1. d4 f5 2. Bg5 h6 3. Bh4 Nf6 4. Bxf6 exf6 5. e4 Qe7 6. Qh5+ {[%emt 0:03:18] A80: Dutch Defence: Unusual White second moves.} (6. Nc3 $5 ) 6... Kd8 7. Nc3 {[%emt 0:02:15] Active counter play!} (7. Qxf5 Qb4+ 8. Nd2 Qxb2 $11) 7... d5 8. O-O-O {[%emt 0:07:18] White is slightly better.} dxe4 9. f3 {[%emt 0:01:20] [#]} e3 $146 ({Predecessor:} 9... Be6 10. d5 Bd7 11. Bc4 Qe8 12. Qxe8+ Bxe8 13. fxe4 fxe4 14. Nxe4 Bg6 15. Ng3 Bd6 {1-0 (39) Padeiro,J (2353)-Fernandes,A (2160) Caldas da Rainha 2014}) 10. Nd5 ({White should try} 10. Bc4 $16) 10... Qe6 $11 11. Bc4 Bd7 (11... Bd6 $1 $11 12. Ne2 (12. Nb6 $2 e2 $19) 12... Qe8) 12. Ne2 $16 {[%emt 0:05:17][%mdl 1024] Threatens to win with Nef4. White has strong compensation.} b5 13. Bb3 Be8 (13... Qe8 $16 14. Qxe8+ Bxe8) 14. Qh3 $1 $18 {[%emt 0:02:12][%cal Od5c7] Hoping for Nxc7!} Qd7 (14... c6 $2 15. Nb6 $1 Qd6 16. Nxa8 $18) 15. Rhe1 $2 (15. Nxe3 g6) (15. Ndf4 $18) 15... a5 $1 $14 16. a3 ({Much worse is} 16. Nxe3 a4 17. Bd5 c6 $17) 16... a4 17. Ba2 b4 18. Nxb4 Bxb4 19. axb4 a3 {[%emt 0:00:55] White must now prevent ...axb2+.} 20. b3 g5 21. f4 {[%emt 0:00:27] Strongly threatening Qf3.} Na6 {[%emt 0:01:05] [#]} (21... Nc6 $1 $14) 22. c3 ({Only move:} 22. Qf3 $1 $16 Rb8 23. c3) 22... Bf7 (22... Nxb4 $1 $11 23. cxb4 Qc6+ 24. Kb1 Qe4+ 25. Kc1 Qc6+ 26. Kb1 Qe4+ 27. Ka1 Qc2) 23. Qxe3 Re8 {[%emt 0:01:00] [#]} 24. Qd3 ({Better is} 24. Qd2 $1 $16) 24... Qc6 $2 {[%emt 0:00:46] This move loses the game for Black.} (24... Qd5 $14) 25. d5 $18 ({Don't go for} 25. Qxf5 $2 Nxb4 26. d5 Nxa2+ $19) ({But not} 25. b5 Qxg2 26. bxa6 Bh5) 25... Nxb4 (25... Qd7 {was worth a try.} 26. fxg5 hxg5) 26. dxc6+ Nxd3+ 27. Rxd3+ Kc8 28. Rdd1 Bh5 (28... Kb8 $142 29. Nd4 Ka7) 29. Nd4 Bxd1 30. Rxe8# {[%emt 0:01:42] Weighted Error Value: White=0.26 (precise) /Black=0.86} 1-0

[Event "ESCC-50 2022"]
[Site "Lublin"]
[Date "2022.07.05"]
[Round "1.11"]
[White "Chlewinski, Artur"]
[Black "Pietinen, Pekka"]
[Result "0-1"]
[ECO "C02"]
[WhiteElo "1417"]
[BlackElo "1937"]
[Annotator "TA"]
[PlyCount "80"]
[EventDate "2022.07.05"]
[EventType "swiss"]
[EventCountry "POL"]
[SourceTitle "playchess.com"]
[Source "ChessBase"]
[SourceQuality "1"]
[TimeControl "40/5400+30:1800+30"]

1. e4 e6 2. d4 d5 3. e5 c5 4. c3 Nc6 5. Nf3 Qb6 6. Na3 cxd4 7. cxd4 Bb4+ {[%emt 0:05:15] C02: French: Advance Variation.} 8. Bd2 Bxa3 9. bxa3 Nxd4 {[%emt 0:00:59] The position is equal.} 10. Nxd4 (10. Qa4+ $11 Nc6 11. Bd3) 10... Qxd4 $15 11. Bb5+ Bd7 12. Bxd7+ Kxd7 13. O-O Ne7 (13... Qxe5 $2 14. Qa4+ Ke7 15. Qb4+ Ke8 16. Qb5+ (16. Qxb7 Qb8 $18) 16... Kf8 17. Bb4+ Ne7 18. Qxb7 $18) 14. Rb1 b6 (14... Qxe5 $2 15. Qa4+ b5 16. Rxb5 $18) 15. Rb4 {[%emt 0:00:30] [#]} Qc5 $146 (15... Qxe5 $17 16. Qa4+ Nc6) ({Predecessor:} 15... Qxe5 16. Bf4 Qc3 17. Qa4+ Qc6 18. Rc1 Qxa4 19. Rc7+ Kd8 20. Rxa4 g5 21. Bg3 a6 {1-0 (40) Perez Pietronave,C (2270)-Albarran,G (2105) Brazil 1997}) 16. Be3 (16. Rf4 $11 Ke8 17. Bb4) 16... Qc7 17. Qa4+ Qc6 {[%emt 0:04:53] ...Qxa4 is the strong threat.} 18. Qb3 Rac8 19. f4 ({White should try} 19. h3) 19... Qc2 (19... Rc7 $17 {And now ...Rhc8 would win.} 20. Rc1 Qb7 21. Rxc7+ Qxc7 22. Qa4+ Kc8) 20. Rb1 $2 {[%emt 0:15:05][%mdl 8192] [#] This costs White the game.} (20. Ra4 $11 {and White is okay.} Qc7 21. Qb5+ Nc6 22. Rc1) 20... Qxb3 21. R4xb3 Rc4 22. Rc1 (22. Bd2 $142) 22... Rxc1+ $19 23. Bxc1 {[%emt 0:00:01][%mdl 4096] Endgame KRB-KRN} Rc8 24. Bd2 Rc2 25. Be1 g6 26. a4 Nc6 27. a5 (27. a3 {keeps fighting.}) 27... Nxa5 28. Bxa5 bxa5 {[%emt 0:00:06] KR-KR} 29. Rb7+ Rc7 30. Rb5 Kc6 ({Don't go for} 30... Rc1+ $2 31. Kf2 $19) 31. Rxa5 Kb6 32. Ra3 Kb5 33. h3 (33. Kf1 {is a better defense.} Rc4 34. Rxa7 Rxf4+ 35. Ke2) 33... Kb4 {[%emt 0:01:33] Black is clearly winning.} 34. Rb3+ Kc4 35. Kf1 Kd4 36. Ra3 Ke4 37. Ra4+ Ke3 {[%emt 0:02:32][%cal Rc7c1] [#]} 38. Ra3+ Kxf4 39. g3+ Kxe5 40. Ke2 f5 {Weighted Error Value: White=0.56/Black=0.35} 0-1

[Event "ESCC-50 2022"]
[Site "Lublin"]
[Date "2022.07.06"]
[Round "2.1"]
[White "Mrva, Martin"]
[Black "Kirszenberg, Marc"]
[Result "1-0"]
[ECO "B11"]
[WhiteElo "2385"]
[BlackElo "2056"]
[Annotator "TA"]
[PlyCount "47"]
[EventDate "2022.07.05"]
[EventType "swiss"]
[EventCountry "POL"]
[SourceTitle "playchess.com"]
[Source "ChessBase"]
[SourceQuality "1"]
[TimeControl "40/5400+30:1800+30"]

1. e4 c6 2. Nc3 d5 3. Nf3 Bg4 4. h3 Bxf3 5. Qxf3 e6 6. g3 g6 {[%emt 0:04:04] B11: Caro-Kann: Two Knights Variation.} (6... Nf6 $11 {was preferrable.}) 7. d4 $14 Bg7 8. Be3 Ne7 {[%emt 0:06:09] White is slightly better.} 9. O-O-O Nd7 {[%emt 0:03:45] [#]} 10. h4 $146 ({Predecessor:} 10. Kb1 a6 11. h4 h6 12. Bg2 Qa5 13. Ne2 Nf6 14. exd5 cxd5 15. Nc1 Nf5 16. Bf1 Nxe3 17. fxe3 {0-1 (62) Llobel Cortell,E (2392)-Esipenko,A (2720) Struga 2021}) 10... h6 11. Bf4 {[%emt 0:10:45] White is more active.} a6 12. Bh3 b5 13. Bd6 {[%emt 0:07:24] Threatens to win with Bxe7.} Nb6 14. Bc5 O-O 15. exd5 (15. h5 $14) 15... cxd5 $11 16. Rhe1 Re8 $2 {[%emt 0:01:01][%mdl 8192] [#] Loses the game.} (16... Rc8 $1 $15 {stays ahead.}) 17. Bxe6 $1 $18 fxe6 18. Rxe6 Rb8 19. Rde1 Rf8 $2 (19... Rb7 20. Qe2 Nbc8 21. Rxg6 (21. Rxa6 b4 $16) 21... Rf8) 20. Qg4 {[%emt 0:03:48] White is clearly winning.} ({Not} 20. Bxe7 Qxe7 21. Qg4 h5 22. Qxg6 (22. Rxe7 hxg4 23. Nd1 Bxd4 $17) 22... Rf6 $11) 20... h5 21. Qg5 ({Inferior is} 21. Bxe7 hxg4 22. Bxd8 Rfxd8 $11) 21... Nbc8 22. Bxe7 Nxe7 23. Rxe7 Rb6 24. Nxd5 {[%emt 0:02:32] Weighted Error Value: White=0.11 (very precise) /Black=0.85} 1-0

[Event "ESCC-50 2022"]
[Site "Lublin"]
[Date "2022.07.06"]
[Round "2.2"]
[White "Pietinen, Pekka"]
[Black "Druckenthaner, Andreas"]
[Result "0-1"]
[ECO "A04"]
[WhiteElo "1937"]
[BlackElo "2272"]
[Annotator "TA"]
[PlyCount "50"]
[EventDate "2022.07.05"]
[EventType "swiss"]
[EventCountry "POL"]
[SourceTitle "playchess.com"]
[Source "ChessBase"]
[SourceQuality "1"]
[TimeControl "40/5400+30:1800+30"]

1. Nf3 f5 2. e4 fxe4 3. Ng5 Nf6 4. d3 e6 5. Nxe4 Be7 6. Nxf6+ {[%emt 0:05:23] A04: Unusual lines after 1 Nf3 and King's Indian Attack.} Bxf6 7. Qh5+ g6 8. Qh6 {[%emt 0:00:40] Black has an edge.} Qe7 {[%emt 0:01:27] [#]} 9. c3 $146 ({Predecessor:} 9. Nc3 d5 10. h4 Nc6 11. Bd2 Nd4 12. O-O-O Nf5 13. Qf4 e5 14. Qa4+ Bd7 15. Qb3 {0-1 (44) Dounis,A (2246)-Stefanidi,M (1998) Heraklion 2014}) 9... Nc6 10. h4 (10. d4 $11 {is more appropriate.}) 10... e5 11. Nd2 d5 12. g3 (12. Nb3 $142) 12... Bf5 $17 13. Be2 O-O-O 14. O-O g5 {[%emt 0:07:26][%cal Rg5h4] Black is more active.} 15. Nf3 gxh4 16. Nxh4 Be6 17. Kh2 ({White should try} 17. b4) 17... Rdg8 18. Bd2 Nd8 19. f4 (19. Rae1 $17 {might work better.}) 19... Kb8 ({Inferior is} 19... Nf7 20. Qh5 $15) 20. fxe5 ({Much weaker is} 20. f5 Bd7 21. Ng2 Bc6 $17) (20. Qh5 $142) 20... Bxe5 $19 21. Bf4 Nf7 22. Qh5 Bxf4 23. gxf4 (23. Rxf4 $17 {was the crucial defense.} Rg5 24. Qf3) 23... Nd6 {[%emt 0:02:39] [#] Hoping for ...Bf7.} 24. Ng2 $2 (24. Rae1 Qf6 25. Ng2) 24... Nf5 25. Rfe1 Rg6 {[%emt 0:05:48] Weighted Error Value: White=0.80/Black=0.35} 0-1

[Event "ESCC-50 2022"]
[Site "Lublin"]
[Date "2022.07.06"]
[Round "2.3"]
[White "Tereladze, Sopiko"]
[Black "Sielicki, Tomasz"]
[Result "1-0"]
[ECO "B15"]
[WhiteElo "2141"]
[BlackElo "1967"]
[Annotator "TA"]
[PlyCount "73"]
[EventDate "2022.07.05"]
[EventType "swiss"]
[EventCountry "POL"]
[SourceTitle "playchess.com"]
[Source "ChessBase"]
[SourceQuality "1"]
[TimeControl "40/5400+30:1800+30"]

1. e4 c6 2. Nc3 d5 3. d4 dxe4 4. Nxe4 Nf6 5. Nxf6+ exf6 6. Nf3 Bd6 7. c3 {[%emt 0:01:27] B15: Caro-Kann: 3 Nc3: 3...g6 and 3...dxe4 4 Nxe4 Nf6 5 Nxf6+ exf6.} O-O 8. Be3 Re8 9. Be2 {[%emt 0:00:04] The position is equal.} Bg4 {[%emt 0:08:49] [#]} 10. h3 $146 ({Predecessor:} 10. O-O Qc7 11. h3 Bh5 12. Re1 Nd7 13. Nh4 Bg6 14. Bd3 Nf8 15. Nxg6 hxg6 16. Qf3 {1-0 (42) Wickert,D (2000)-Hallekamp,G (2100) Buchholz in der Nordheide 2007}) 10... Bxf3 11. Bxf3 Bf4 12. Qd3 Qe7 13. O-O-O ({White should try} 13. Kf1 $14 Bxe3 14. Re1) 13... Bxe3+ $11 14. fxe3 Qxe3+ 15. Qxe3 Rxe3 16. d5 cxd5 ({Better is} 16... Kf8 $11) 17. Rxd5 $14 {[%emt 0:00:31] Intending Rd8+ and mate.} Nc6 {[%emt 0:01:41] Prevents Rd8+.} 18. Rb5 Ne5 19. Bxb7 Rd8 (19... Re8 $14) 20. Rd1 $16 Nd3+ {[%emt 0:07:20] [#]} 21. Kb1 $1 g6 22. Rd5 Rxd5 23. Bxd5 {[%emt 0:00:52][%mdl 4096] Endgame KRB-KRN} Nf4 24. c4 Nxd5 (24... Kf8 $14) 25. Rxd5 $14 {[%emt 0:00:23] KR-KR} ({Weaker is} 25. cxd5 Kf8 $11) 25... Kf8 26. Kc2 Ke7 $2 ({Not} 26... Re2+ 27. Rd2 Re4 28. Kc3 $16) (26... Rg3 {might work better.}) 27. Ra5 $18 Re2+ 28. Kc3 Rxg2 29. Rxa7+ Ke6 {[%emt 0:00:34] [#]} 30. b4 $1 f5 (30... Rg1 $142 31. b5 f5) 31. b5 f4 {[%emt 0:01:44] ...f3 is the strong threat.} 32. b6 {[%emt 0:06:27] White wants to mate with b7.} f3 33. b7 {[%emt 0:01:48] White mates.} f2 34. b8=Q f1=Q 35. Qe8+ Kd6 36. Qe7+ Kc6 37. Ra6# {[%emt 0:00:07] Weighted Error Value: White=0.06 (flawless) /Black=0.50} 1-0

[Event "ESCC-50 2022"]
[Site "Lublin"]
[Date "2022.07.06"]
[Round "2.4"]
[White "Padrak, Rafal"]
[Black "Krzyzanowska-Zadlo, Lidia"]
[Result "1/2-1/2"]
[ECO "D15"]
[WhiteElo "2125"]
[BlackElo "1732"]
[Annotator "TA"]
[PlyCount "86"]
[EventDate "2022.07.05"]
[EventType "swiss"]
[EventCountry "POL"]
[SourceTitle "playchess.com"]
[Source "ChessBase"]
[SourceQuality "1"]
[TimeControl "40/5400+30:1800+30"]

1. d4 d5 2. c4 c6 3. Nc3 Nf6 4. Nf3 a6 5. cxd5 cxd5 6. Bg5 e6 {[%emt 0:11:39] Recently 6...Nc6 got a lot of attention. D15: Slav Defence: 4 Nc3 a6 and gambit lines after 4 Nc3 dxc4.} 7. e3 Bd6 8. Bd3 Nc6 {[%emt 0:04:54] White is slightly better.} 9. Rc1 Bd7 10. O-O {[%emt 0:00:35] [#]} Qb8 $146 (10... O-O $14 {is superior.}) ({Predecessor:} 10... O-O 11. e4 dxe4 12. Nxe4 Be7 13. Nxf6+ Bxf6 14. Be3 Bc8 15. Be4 Nb4 16. a3 Nd5 {1-0 (65) Kotlarik,M (1000)-Mikuska,M (1513) Slovakia 2019}) 11. Na4 b5 12. Nc5 h6 (12... Ne7 $16 13. Qc2 Ra7) 13. Bxf6 $18 gxf6 14. e4 {[%emt 0:00:07] Threatens to win with exd5.} Ne7 15. Nxd7 Kxd7 16. a4 Ra7 (16... Ke8 $16) 17. axb5 axb5 18. Qb3 (18. e5 $1 $18 {[%cal Re5d6] has better winning chances.} fxe5 19. dxe5 Bxe5 20. Nxe5+ Qxe5 21. Qf3 (21. Bxb5+ Kd8 $16)) 18... b4 (18... dxe4 $16 {was necessary.} 19. Bxe4 Ke8) 19. Ra1 (19. e5 $18 fxe5 20. dxe5) 19... dxe4 $14 20. Bxe4 {[%emt 0:00:38] Strongly threatening d5.} f5 21. Bd3 {[%emt 0:00:39][%cal Od3b5] And now Bb5+! would win. White is more active.} Rc8 22. Bb5+ Kd8 {[%emt 0:00:22] aiming for ...Rxa1.} 23. Rxa7 Qxa7 24. Ne5 Bxe5 25. dxe5 $40 {[%emt 0:00:05][%mdl 128] Black needs to defend precisely.} Qc5 26. Rd1+ Nd5 27. Ba6 Rc7 28. Bd3 {[%emt 0:08:59][%cal Od3f5] Inhibits Qc2.} Ke7 29. g3 ({Avoid the trap} 29. Bxf5 $2 exf5 30. Qf3 {[#]} f4 $1 $19) 29... f4 30. Be4 fxg3 31. hxg3 Rd7 (31... Nb6 $1 $11 {keeps the balance.}) 32. Qf3 $16 Nb6 $2 (32... Ke8 $16) 33. Qf6+ $18 Ke8 34. Qh8+ $2 (34. Ra1 $18) 34... Qf8 $11 35. Qxf8+ Kxf8 36. Rxd7 Nxd7 {[%emt 0:00:03][%mdl 4096] Endgame KB-KN} 37. f4 Ke7 38. Kg2 f6 {[%emt 0:00:22] The position is equal.} 39. exf6+ Kxf6 40. Kf3 e5 41. Bc6 Nc5 42. fxe5+ Kxe5 43. Ke3 {[%emt 0:00:53] Prevents Nd3.} Ne6 {[%emt 0:04:42] Weighted Error Value: White=0.26 (precise) /Black=0.38} 1/2-1/2

[Event "ESCC-50 2022"]
[Site "Lublin"]
[Date "2022.07.06"]
[Round "2.5"]
[White "Leszner, Liliana"]
[Black "Lasinskas, Povilas"]
[Result "0-1"]
[ECO "C55"]
[WhiteElo "1872"]
[BlackElo "2096"]
[Annotator "TA"]
[PlyCount "62"]
[EventDate "2022.07.05"]
[EventType "swiss"]
[EventCountry "POL"]
[SourceTitle "playchess.com"]
[Source "ChessBase"]
[SourceQuality "1"]
[TimeControl "40/5400+30:1800+30"]

1. e4 e5 2. Nf3 Nc6 3. Bc4 Nf6 4. d3 h6 5. c3 Be7 6. O-O O-O 7. Re1 d6 8. b4 {[%emt 0:00:35] C55: Two Knights: 4 d3, 4 d4 exd4 5 e5 and Max Lange Attack.} Nh7 9. Nbd2 Kh8 10. Nf1 {[%emt 0:01:34] White is slightly better.} f5 11. exf5 Bxf5 {[%emt 0:00:27] [#]} 12. Ng3 $146 ({Predecessor:} 12. Ne3 Bg6 13. Nd5 Qd7 14. b5 Na5 15. Ba3 Nxc4 16. dxc4 Bh5 17. Rxe5 Bg5 18. Re4 Bxf3 19. gxf3 {1-0 (41) Sorokin,M-Ziatdinov,R Kemerovo 1985}) 12... Bg4 {[%emt 0:01:13] [#]} 13. Nh4 Bxh4 14. Qxg4 Bg5 15. Be3 ({White should try} 15. Bb3 $14) 15... Ne7 16. Bb3 Ng6 (16... Bxe3 $11 {keeps the balance.} 17. fxe3 a5) 17. d4 Nf4 (17... Nf6 $142 18. Bxg5 Nxg4 19. Bxd8 Raxd8) 18. dxe5 $16 Nd3 {[%emt 0:00:37] [#]} (18... dxe5 $16 {keeps fighting.} 19. Bc5 Re8) 19. exd6 $2 Nxe1 $11 {[%emt 0:00:49] Pair of Knights!} 20. dxc7 {[%emt 0:01:37] [#]} (20. Bd4 $11 {remains equal.}) 20... Qxc7 $1 $17 21. Rxe1 Qxc3 22. Rc1 Qb2 $40 {[%emt 0:03:29][%mdl 128] White needs to defend precisely.} 23. f4 $2 {[%emt 0:04:41][%mdl 8192] [#] White does not recover from this.} ({White should play} 23. Rc2 $15 Qe5 24. Qd4 Qxd4 25. Bxd4) 23... Bxf4 $1 $19 24. Bxf4 {[%emt 0:01:39] aiming for Nf5.} Qd4+ 25. Kh1 {[%emt 0:00:05] Black must now prevent Nf5.} Rxf4 ({Wrong is} 25... Qxf4 $2 26. Qxf4 Rxf4 27. b5 $19) 26. Qe6 Qxb4 27. Nf5 $2 (27. h3) 27... Re4 28. Rc8+ Rxc8 29. Qxc8+ Qf8 30. Qc1 {[%emt 0:02:17] Inhibits Re1+.} (30. Qxf8+ $19 Nxf8 31. h3) 30... Qxf5 31. Bc2 Rc4 {Weighted Error Value: White=0.94/Black=0.31} 0-1

[Event "ESCC-50 2022"]
[Site "Lublin"]
[Date "2022.07.06"]
[Round "2.7"]
[White "Puroila, Sippo"]
[Black "Lilja, Richard"]
[Result "1/2-1/2"]
[ECO "A84"]
[WhiteElo "1803"]
[BlackElo "2131"]
[Annotator "TA"]
[PlyCount "98"]
[EventDate "2022.07.05"]
[EventType "swiss"]
[EventCountry "POL"]
[SourceTitle "playchess.com"]
[Source "ChessBase"]
[SourceQuality "1"]
[TimeControl "40/5400+30:1800+30"]

1. c4 f5 2. d4 Nf6 3. Nf3 e6 4. e3 b6 5. Be2 Bb7 6. O-O {[%emt 0:00:57] A84: Dutch Defence: 2 c4 Miscellaneous.} Be7 7. Nc3 O-O 8. a3 a5 9. b3 (9. Ng5 {is more complex.} Na6 10. b3 c5 11. Bf3) 9... Qe8 10. Bb2 Ne4 {[%emt 0:01:10] [#]} 11. Nxe4 $146 ({Predecessor:} 11. Ra2 Nxc3 12. Bxc3 d5 13. cxd5 Bxd5 14. Bc4 Bd6 15. Bxd5 exd5 16. a4 Nd7 17. Re1 {½-½ (41) Sandocal,U (1712)-Plutarco,F (1677) LSS email 2017}) 11... fxe4 12. Nd2 Bg5 (12... Qg6 $11) 13. Qc2 $14 Qg6 14. Qc3 (14. d5 $16) 14... Qh6 15. Rae1 Na6 16. Bd1 (16. b4 $14) 16... c5 $11 17. Bc1 Bh4 (17... cxd4 $17 18. exd4 b5) 18. Re2 (18. Bb2 $15) 18... Qg6 $17 19. Bc2 Qg4 {[%emt 0:06:31] Against f3} 20. Bd1 cxd4 (20... Rf6 $17 {Threatens to win with ...Rg6.} 21. h3 Qg6) 21. exd4 $11 Rf3 {[%emt 0:02:02] [#]} 22. Re3 (22. Qc2 $1 $18 {[%cal Re2e4] And now Rxe4 would win.} Rff8 23. Nxe4) 22... Bxf2+ 23. Rxf2 {[%emt 0:00:25][%mdl 64] Pin} Rxe3 24. Qxe3 Qxd1+ 25. Rf1 (25. Nf1 $1 $14) 25... Qg4 26. h3 Qg6 27. Rf4 d5 28. Bb2 Rf8 29. c5 (29. Rxf8+ $11 {keeps the balance.} Kxf8 30. Qf2+ Kg8 31. Nf1) 29... b5 ({Better is} 29... Qe8 $17) 30. Rxf8+ Kxf8 31. Qf4+ Ke8 32. Qd6 Bc8 (32... e3 $2 33. Nf3 $18) (32... b4 $11) 33. Qc6+ $16 Kd8 34. Qxb5 ({Much weaker is} 34. Qb6+ Ke7 $11) (34. Nf1 $14) 34... e3 $36 {[%emt 0:00:48][%mdl 2048] Black has some pressure.} 35. Qxa5+ Nc7 36. Nf3 $1 ({Wrong is} 36. Nf1 $2 Qb1 37. Bc3 e2 $19) 36... Qb1+ 37. Qe1 Qxb2 38. Qxe3 Qb1+ 39. Kh2 Qf5 40. b4 {[%emt 0:00:00] [#]} (40. Ne5 $11 {remains equal.}) 40... Bd7 $1 $17 41. Ne5 Be8 (41... Ba4 $17 42. Qg3 Qf6) 42. c6 $1 $11 Nb5 43. a4 Nd6 44. b5 Kc7 45. Qc3 {[%emt 0:01:36][%mdl 1024] White has compensation.} Qf4+ {[%emt 0:02:29] The position is equal.} 46. Kg1 {[%emt 0:00:20] Hoping for Qc5.} Qf2+ $1 47. Kh2 {[%emt 0:02:43] Strongly threatening Qa5+. The board is on fire.} Qf4+ 48. Kg1 {[%emt 0:02:32] aiming for Qa5+.} Qf2+ $1 49. Kh2 {[%emt 0:00:12] Qa5+ is the strong threat.} Qf4+ {[%emt 0:00:50] Weighted Error Value: White=0.23 (precise) /Black=0.24 (precise)} 1/2-1/2

[Event "ESCC-50 2022"]
[Site "Lublin"]
[Date "2022.07.06"]
[Round "2.8"]
[White "Garabetyan, Arno"]
[Black "Zielinski, Olgierd"]
[Result "1-0"]
[ECO "A44"]
[WhiteElo "2056"]
[BlackElo "1816"]
[Annotator "TA"]
[PlyCount "65"]
[EventDate "2022.07.05"]
[EventType "swiss"]
[EventCountry "POL"]
[SourceTitle "playchess.com"]
[Source "ChessBase"]
[SourceQuality "1"]
[TimeControl "40/5400+30:1800+30"]

1. d4 c5 2. d5 e5 3. e4 d6 4. Bb5+ Nd7 5. a4 Be7 6. Ne2 {[%emt 0:01:09] A44: Semi-Benoni.} Bg5 7. Nd2 {[%emt 0:00:10] [#]} Bxd2+ $146 ({Predecessor:} 7... a6 8. Bd3 Bxd2+ 9. Bxd2 Ne7 10. Ng3 h6 11. Nh5 g6 12. Ng3 h5 13. Qf3 h4 {½-½ (49) Bratic,I-Komic,I (2291) Neum 2002}) 8. Bxd2 ({Much weaker is} 8. Kxd2 $6 Ne7 $11) 8... Ngf6 9. f3 {[%emt 0:04:44] White is more active.} a6 10. Bd3 b6 11. g4 Qc7 {[%emt 0:00:20] [#] Strongly threatening ...c4.} 12. c4 a5 13. Ng3 Nf8 14. g5 Ng8 15. h4 g6 {[%emt 0:20:06] Against Nh5} (15... h6 $16 {was called for.} 16. Kf2 h5) 16. h5 Qe7 (16... Ne7 $142 17. Kf2 Bb7) 17. Be3 Kd8 18. Qd2 Kc7 19. O-O-O Bd7 (19... gxh5 $142 20. Nxh5 (20. Rxh5 f6 $16) 20... Ng6) 20. b3 Be8 (20... f6 $142 21. h6 Bc8) 21. Rh2 Rd8 22. Rdh1 Kb7 (22... gxh5 $142 23. Nf5 Qd7 24. Rxh5 f6) 23. Bf1 Kc7 24. Bh3 Bd7 25. Kb1 Bxh3 26. Rxh3 Re8 (26... gxh5 $142 27. Rxh5 (27. Nf5 Qd7 $18) 27... Qd7) 27. Qh2 Kb8 28. Bc1 Kc8 29. Nf1 Kb8 30. Ne3 (30. hxg6 $18 {aiming for g7.} fxg6 31. Ng3) 30... Qxg5 $16 31. Rg1 (31. Ng4 $16 Qe7 32. hxg6 Nxg6 33. Rxh7 Rxh7 34. Qxh7) 31... Qe7 $14 32. Ng4 ({White should try} 32. hxg6 $14 fxg6 33. Nd1) 32... Nf6 {[%emt 0:00:20] [#]} (32... g5 $1 $11) 33. Nxf6 {[%emt 0:00:58] Weighted Error Value: White=0.33/Black=0.31} (33. Bg5 $1 $16 Nxg4 34. Bxe7 Nxh2 35. Bxd6+ Kc8 36. Rxh2) 1-0

[Event "ESCC-50 2022"]
[Site "Lublin"]
[Date "2022.07.06"]
[Round "2.9"]
[White "Warnk, Torsten"]
[Black "Baliuniene, Margarita"]
[Result "1-0"]
[ECO "D02"]
[WhiteElo "1763"]
[BlackElo "1935"]
[Annotator "TA"]
[PlyCount "79"]
[EventDate "2022.07.05"]
[EventType "swiss"]
[EventCountry "POL"]
[SourceTitle "playchess.com"]
[Source "ChessBase"]
[SourceQuality "1"]
[TimeControl "40/5400+30:1800+30"]

1. d4 d5 2. Nf3 e6 3. Bf4 c5 4. e3 Nf6 5. c4 Nc6 6. Nc3 a6 7. cxd5 exd5 8. Be2 {[%emt 0:01:11] D32: Tarrasch Defence: Sidelines and lines without g3.} c4 {[%emt 0:01:11] is now debated instead of 8...Be7.} 9. O-O Be7 (9... b5 $11 {keeps the balance.}) 10. Ne5 $16 {[%emt 0:03:31] White is better.} O-O {[%emt 0:00:24] [#]} 11. Re1 $146 (11. Nxc6 $16 bxc6 12. b3) ({Predecessor:} 11. e4 Nxe5 12. dxe5 Nxe4 13. Nxd5 Be6 14. Bxc4 Rc8 15. Nxe7+ Qxe7 16. Bd3 Nc5 17. Bc2 Bc4 18. Re1 Ne6 19. Be3 Rfd8 20. Qg4 Bd5 21. Rec1 g6 22. b3 Qa3 {½-½ (22) Popov,L-Kostov Petkov,P Sofia 1961}) 11... Be6 12. Nxc6 bxc6 13. Qc2 Qc8 14. Rac1 c5 15. dxc5 Bxc5 16. Bf3 Rd8 17. Red1 Ra7 18. Be5 {[%emt 0:04:23] And now Bxf6 would win.} Nd7 (18... Rad7 $142) 19. Bg3 $1 {[%emt 0:03:56] White is more active.} Nb6 {[%emt 0:01:17] [#]} 20. Ne2 (20. Nxd5 $1 $16 {[%mdl 512] Threatens to win with Nf4.} Rxd5 (20... Rad7 21. Nc3) 21. Rxd5) 20... Bf5 21. Qd2 Bd3 $2 {[%emt 0:02:53] A mistake that costs the game.} (21... a5 $16) 22. Nf4 $18 Bf5 23. Qa5 ({Not} 23. Nxd5 Nxd5 24. e4 (24. Bxd5 Rad7 $11) 24... Bg4 25. exd5 Bxf3 26. gxf3 Bd6 $18) 23... Rad7 $2 (23... Rb7 24. Nxd5 Nxd5) 24. b4 Bxb4 25. Qxb4 Rb7 26. Qa5 Be4 27. Bxe4 dxe4 28. Rxd8+ Qxd8 29. Ne2 Qd3 30. Nd4 h6 31. h3 Nd7 32. Qd5 Rb1 33. Rxb1 Qxb1+ 34. Kh2 Nb6 35. Qc6 (35. Qd8+ $142 Kh7 36. Qf8) 35... Qb2 36. Qe8+ {[%emt 0:01:38] White mates.} Kh7 37. Qxe4+ Kg8 38. Qe8+ Kh7 39. Qxf7 c3 40. Be5 {[%emt 0:00:00] Weighted Error Value: White=0.14 (very precise) /Black=0.54} 1-0